AoeStats
← [CL] Al3jandr0.magn00

Arabia

506672044Analyzed
1v1 RM · 17d ago on Sep 14, 2026· 41m 32s· 2 players
Game mode
Random Map
Map size
Tiny (2 player)
Population
200
Speed
Normal
Resources
Standard
Victory
Conquest
Starting age
Dark Age
Ending age
Imperial Age
RankedLock teamsTeams togetherTeam positionsShared explorationLock speedFull tech treeHidden civsTurbo modeCheats
Victory
Defeat
🇦🇷 Hindustanis · Argentina
1834
+13
🇮🇹 Huns · Italy
1771
-13
GdR_Scranton Strangler
6:40 Loom
8:52 Feudal Age
9:41 Double-Bit Axe
22:02 Castle Age
20:13 Scale Mail Armor
20:57 Wheelbarrow
21:21 Horse Collar
23:12 Bow Saw
23:03 Heavy Plow
23:21 Chain Mail Armor
23:08 Squires
23:35 Fletching
24:44 Pikeman
31:31 Forging
33:17 Iron Casting
33:34 Scale Barding Armor
33:48 Bloodlines
33:39 Husbandry
36:08 Chain Barding Armor
36:53 Gold Mining
38:11 Hand Cart
38:29 Light Cavalry
[CL] Al3jandr0.magn00
5:56 Loom
6:01 Loom
6:46 Loom
9:03 Feudal Age
9:52 Double-Bit Axe
11:57 Horse Collar
21:05 Castle Age
19:33 Bloodlines
20:01 Forging
21:06 Gold Mining
22:27 Bow Saw
22:50 Scale Barding Armor
23:22 Wheelbarrow
28:05 Husbandry
33:08 Scale Mail Armor
33:44 Iron Casting
36:21 Imperial Age
34:18 Fletching
34:29 Scale Mail Armor
35:04 Iron Casting
34:50 Arson
35:05 Squires
36:53 Ballistics
37:12 Hand Cart
36:42 Town Watch
38:17 Iron Casting
37:58 Chain Mail Armor
37:08 Elite Ghulam
40:02 Chemistry
41:46 Blast Furnace
Connection lost

Rejoining the realm…

Still unreachable

The connection could not be restored.

Session expired

The server has moved on; the page needs a fresh start.